 Dungeon Crawl Stone Soup version 0.28-a0-1613-gdaab1c2f9b (webtiles) character file.

Game seed: 13415496538665056084

458 bande the Chopper (level 7, -6/44 HPs)
             Began as a Gargoyle Fighter on Jan 22, 2022.
             Mangled by an ogre (8 damage)
             ... on level 4 of the Dungeon.
             The game lasted 00:07:57 (4542 turns).

bande the Chopper (Gargoyle Fighter)                Turns: 4542, Time: 00:07:57

Health: -6/44      AC: 17    Str: 19    XL:     7   Next: 6%
Magic:  7/7        EV:  5    Int:  9    God:
Gold:   1019       SH:  4    Dex: 11    Spells: 6/6 levels left

rFire   . . .      SeeInvis .   a - +1 war axe
rCold   + . .      Faith    .   c - +0 buckler
rNeg    + . .      Spirit   .   g - +1 plate armour
rPois   ∞          Reflect  .   (no helmet)
rElec   +          Harm     .   (no cloak)
rCorr   .          Rampage  .   (no gloves)
Will    .....                   (no boots)
Stlth   ..........              (no amulet)
HPRegen 0.14/turn               (no ring)
MPRegen 0.10/turn               (no ring)

@: studying Long Blades
A: sickness immunity, AC +4, negative energy resistance 1, electricity
resistance, torment resistance 1, petrification resistance, cold resistance 1
a: no special abilities


You were on level 4 of the Dungeon.
You visited 1 branch of the dungeon, and saw 4 of its levels.

You collected 1019 gold pieces.

Inventory:

Hand Weapons
 a - a +1 war axe (weapon)
 k - a +2 vorpal flail
Armour
 c - a +0 buckler (worn)
 g - a +1 plate armour (worn)
 o - a +2 chain mail of fire resistance
Wands
 h - a wand of digging (7)
 j - a wand of mindburst (8)
Scrolls
 e - 2 scrolls of enchant armour
 m - a scroll of teleportation
Potions
 b - 3 potions of curing
 d - 2 potions of might
 f - 5 potions of magic
 i - 2 potions of lignification {unknown}
 l - 2 potions of heal wounds {unknown}
 n - a potion of brilliance {unknown}


   Skills:
 + Level 4.3 Fighting
 + Level 4.5 Axes
 + Level 4.4 Armour
 + Level 4.2 Shields
 * Level 2.2 Evocations


You had 6 spell levels left.
You didn't know any spells.
Your spell library contained the following spells:

 Spells                   Type           Power      Damage    Failure   Level
 Pain                     Necr           0%         1d4       100%        1
 Agony                    Necr           0%         N/A       100%        5
 Excruciating Wounds      Necr           0%         N/A       100%        5


Dungeon Overview and Level Annotations

Branches:
Dungeon (4/15)
 Temple: D:4-7

Altars:
Elyvilon
Ru

Shops:
D:1 !


Innate Abilities, Weirdness & Mutations

You are immune to sickness and miasma.
Your stone body is resilient. (AC +4)
You are immune to poison.
You resist negative energy. (rN+)
You are resistant to electric shocks. (rElec)
You are resistant to unholy torment.
You are immune to petrification.
Your flesh is cold resistant. (rC+)


Message History

Items here: )) ††.
Okay, then.
You pick up a book of Pain and begin reading...
You add the spells Pain, Agony and Excruciating Wounds to your library.
There is an open door here.
An ogre comes into view. It is wielding a +0 giant spiked club.
The ogre shouts!
A kobold comes into view. It is wielding a +0 whip.
The kobold shouts!
The kobold throws a stone.
The stone closely misses you.
You hit the ogre.
The ogre is lightly wounded.
The ogre hits you but does no damage.
You hit the ogre.
The ogre is lightly wounded.
The ogre hits you with a +0 giant spiked club!
You slash the ogre!
The ogre is heavily wounded.
The ogre hits you with a +0 giant spiked club!!
You are too injured to fight recklessly!
You are too injured to fight recklessly!
You are too injured to fight recklessly!
You are too injured to fight recklessly!
You are too injured to fight recklessly!
You are too injured to fight recklessly!
You are too injured to fight recklessly!
You are too injured to fight recklessly!
You are too injured to fight recklessly!
You are too injured to fight recklessly!
You barely miss the ogre.
The ogre is heavily wounded.
The ogre hits you with a +0 giant spiked club.
You hit the ogre.
The ogre is heavily wounded.
The ogre hits you with a +0 giant spiked club!
* * * LOW HITPOINT WARNING * * *
You barely miss the ogre.
The ogre is heavily wounded.
The ogre hits you with a +0 giant spiked club!
You die...

# ## ##≈ #≈≈ #### ##≈.
..# #≈≈. #.# ########≈§.
#########.###......#§..
#.≈.KO@.......####.'...
#.≈..##............#§§.
...≈.....#.##########≈≈.
..#≈#......# #########§≈
# # ######## #.......##§
#### #.######.## #..#
#.# #....#. ##.# #.#
#.##### #.# #.###>...#.


You could see an ogre and a kobold.

Vanquished Creatures
  A necrophage (D:4)
  An ogre (D:4)
  A phantom (D:4)
  A centaur skeleton (D:4)
  A hound (D:4)
  A bullfrog skeleton (D:4)
  A gnoll (D:4)
  4 adders
  3 worms
  A dart slug (D:2)
  5 orcs
  12 bats
  3 endoplasms
  3 giant cockroaches
  8 goblins
  6 hobgoblins
  4 jackals (D:3)
  4 kobolds
  3 quokkas
  3 ball pythons
  3 frilled lizards
  2 rats (D:2)
71 creatures vanquished.

Vanquished Creatures (others)
  A demonic plant (D:1)
  A withered plant (D:1)
2 creatures vanquished.

Grand Total: 73 creatures vanquished

Notes
Turn   | Place    | Note
-------+----------+-------------------------------------------
     0 | D:1      | bande the Gargoyle Fighter began the quest for the Orb.
     0 | D:1      | Reached XP level 1. HP: 14/14 MP: 1/1
    95 | D:1      | Found Jesafanlo's Distillery.
   182 | D:1      | Reached XP level 2. HP: 14/19 MP: 2/2
   357 | D:1      | Found a faded altar of an unknown god.
  1066 | D:2      | Reached XP level 3. HP: 20/23 MP: 3/3
  1146 | D:2      | Found a white marble altar of Elyvilon.
  1470 | D:2      | Gained mutation: You are frail. (-10% HP) [potion of
                  | mutation]
  1470 | D:2      | Gained mutation: Your flesh is cold resistant. (rC+)
                  | [potion of mutation]
  1470 | D:2      | Lost mutation: You are frail. (-10% HP) [potion of
                  | mutation]
  1555 | D:2      | Reached XP level 4. HP: 16/28 MP: 4/4
  1963 | D:2      | Identified the +0 robe "Haomepp" {Harm}
  2663 | D:3      | Identified a scroll of acquirement
  2663 | D:3      | Acquired 788 gold pieces
  2752 | D:3      | Found a sacrificial altar of Ru.
  3342 | D:4      | Reached skill level 1 in Evocations
  3342 | D:4      | Reached XP level 5. HP: 33/33 MP: 5/5
  3375 | D:4      | Noticed a necrophage
  3384 | D:4      | Killed a necrophage
  3385 | D:4      | Reached XP level 6. HP: 31/38 MP: 6/6
  4311 | D:4      | Reached XP level 7. HP: 38/43 MP: 7/7
  4541 | D:4      | HP: 2/44 [ogre (12)]
  4542 | D:4      | Mangled by an ogre

Illustrated notes

Levels and vault maps discovered:
D:1:      minmay_arrival_stair_chambers, layout_basic,
          shapermc_ecumenical_altar_gd, serial_shops, shop_statue, st_stairs_12
D:2:      layout_basic, basic_altar
D:3:      layout_basic, nicolae_ru_awakened_eye
D:4:      layout_loops_ring, chequers_serial_rivers_micro_b, kennysheep_potato

Skill      XL: |  1  2  3  4  5  6 |
---------------+-------------------+-----
Axes           | 2 3 4 |  4.5
Armour         | 4 |  4.4
Evocations     | 1 2 |  2.2
Fighting       | 4 |  4.3
Shields        | 4 |  4.2

Action                   |  1- 3 |  4- 6 |  7- 9 || total
-------------------------+-------+-------+-------++-------
Melee: War axe           |   134 |   107 |    27 ||   268
  Use: Scroll            |     9 |     3 |       ||    12
       Potion            |     1 |       |       ||     1
Armor: Scale mail        |    32 |       |       ||    32
       Plate armour      |    86 |    87 |    17 ||   190
Dodge: Dodged            |    65 |    33 |     6 ||   104
Block: Buckler           |    35 |    24 |     6 ||    65

Table legend: (Time is in decaauts)
 A = Elapsed time spent in this place.
 B = Non-inter-level travel time spent in this place.
 C = Inter-level travel time spent in this place.
 D = Time resting spent in this place.
 E = Time spent auto-exploring this place.
 F = Levels seen in this place.
 G = Mean time per level.
                   A        B        C        D        E       F      G
               +--------+--------+--------+--------+--------+-----+--------+
         Total |   4650 |   4623 |     27 |   1055 |   2775 |   4 | 1162.5 |
       Dungeon |   4650 |   4623 |     27 |   1055 |   2775 |   4 | 1162.5 |
               +--------+--------+--------+--------+--------+-----+--------+

Top non-repeatable levels by time:
     D:2: 1343 daAuts
     D:4: 1253 daAuts
     D:3: 1236 daAuts
     D:1: 815 daAuts
